[Event "Titled Tuesday Blitz April 18 Early 2023"]
[White "Koutlas, Nikolaos"]
[Black "Hoffmann, Asa"]
[WhiteFideId "25827138"]
[BlackFideId "2001470"]
[WhiteElo "2215"]
[BlackElo "2117"]
[Result "1/2-1/2"]
[Round "06"]
[TimeControl "180+2"]
[Date "2023.04.18"]
[WhiteClock "0:00:52"]
[BlackClock "0:00:16"]

1. e4 d6 2. f3 c5 3. Nc3 Nc6 4. Bc4 Nf6 5. d3 e6 6. Be3 d5 7. exd5 exd5 8. Bb5 d4 9. Qe2 Be7 10. O-O-O dxe3 11. h4 O-O 12. Qxe3 Nd4 13. Bc4 a6 14. Ne4 Nxe4 15. dxe4 b5 16. Bd5 Ra7 17. c3 Qb6 18. cxd4 cxd4 19. Qxd4 Bc5 20. Qd3 Be6 21. Kb1 Rd8 22. Ne2 Rad7 23. Nf4 Qd6 24. Bxe6 Qxd3+ 25. Nxd3 fxe6 26. Kc2 Bd4 27. Kb3 e5 28. Rc1 a5 29. a3 h6 30. Nc5 Bxc5 31. Rxc5 Rd3+ 32. Ka2 b4 33. a4 Rd2 34. Rxa5 R8d3 35. Rxe5 Ra3+ 36. Kb1 Rb3 37. Rb5 Rbxb2+ 38. Ka1 b3 39. a5 Ra2+ 40. Kb1 Rdb2+ 41. Kc1 Rc2+ 42. Kb1 Rab2+ 43. Ka1 Ra2+ 44. Kb1 Rab2+ 45. Ka1 Ra2+ 46. Kb1 1/2-1/2


[Site "https://www.chess.com"]

[Event "Titled Tuesday Blitz April 18 Early 2023"]
[White "Grot, Blazej"]
[Black "Buscar, Michael"]
[WhiteFideId "21835845"]
[BlackFideId "2603616"]
[WhiteElo "1823"]
[BlackElo "2010"]
[Result "1-0"]
[Round "06"]
[TimeControl "180+2"]
[Date "2023.04.18"]
[WhiteClock "0:01:06"]
[BlackClock "0:00:54"]

1. e4 c5 2. Nf3 Nc6 3. d4 cxd4 4. Nxd4 Nf6 5. Nc3 e5 6. Ndb5 h6 7. Nd6+ Bxd6 8. Qxd6 Qe7 9. Qxe7+ Kxe7 10. Bc4 Rd8 11. Be3 d6 12. O-O-O Be6 13. Be2 d5 14. Bc5+ Ke8 15. exd5 Nxd5 16. Nb5 b6 17. c4 bxc5 18. cxd5 Nd4 19. Nxd4 cxd4 20. dxe6 fxe6 21. Bf3 Rac8+ 22. Kb1 Rc5 23. Be4 Ke7 24. Rc1 Rdc8 25. Rxc5 Rxc5 26. Rc1 Ra5 27. Rc7+ Kf6 28. b4 Ra3 29. Kb2 Ra6 30. Rc6 1-0


[Site "https://www.chess.com"]

[Event "Titled Tuesday Blitz April 18 Early 2023"]
[White "mohsengabr2002"]
[Black "Belov, Alexei"]
[BlackFideId "4128206"]
[WhiteElo "2358"]
[BlackElo "2483"]
[Result "0-1"]
[Round "06"]
[TimeControl "180+2"]
[Date "2023.04.18"]
[WhiteClock "0:02:15"]
[BlackClock "0:01:38"]

1. e4 e6 2. d3 d5 3. Nd2 Nf6 4. g3 Nc6 5. Bg2 Bc5 6. Ngf3 dxe4 7. dxe4 e5 8. O-O O-O 9. c3 a5 10. a4 b6 11. Qc2 Ba6 12. Rd1 Bd3 13. Qb3 Ng4 14. Bf1 Bxf2+ 15. Kg2 Bc2 16. Qxc2 Ne3+ 17. Kxf2 Nxc2 18. Be2 Nxa1 0-1


[Site "https://www.chess.com"]

[Event "Titled Tuesday Blitz April 18 Early 2023"]
[White "Pavlidou, Ekaterini"]
[Black "Shuvalov, Evgenij"]
[WhiteFideId "4213262"]
[BlackFideId "4187237"]
[WhiteElo "2126"]
[BlackElo "2080"]
[Result "1-0"]
[Round "06"]
[TimeControl "180+2"]
[Date "2023.04.18"]
[WhiteClock "0:00:44"]
[BlackClock "0:00:16"]

1. d4 Nf6 2. c4 g6 3. Nc3 d5 4. Nf3 Bg7 5. Bg5 Ne4 6. h4 h6 7. Bf4 O-O 8. e3 c5 9. cxd5 Nxc3 10. bxc3 Qxd5 11. c4 Qd8 12. Be2 Bg4 13. Rb1 Nc6 14. d5 Na5 15. Qc2 e6 16. Rd1 exd5 17. Rxd5 Qc8 18. h5 gxh5 19. Nd2 Nc6 20. f3 Nb4 21. Qb1 Nxd5 22. cxd5 Bd7 23. Rxh5 Re8 24. Nc4 Qd8 25. Nd6 Rf8 26. Bxh6 Qf6 27. Ne4 Qg6 28. Bxg7 f5 29. Rg5 Kxg7 30. Rxg6+ Kxg6 31. Nxc5 Bc8 32. d6 Rd8 33. Qd3 b6 34. Nb3 Be6 35. g4 Kf6 36. Qd4+ Kf7 37. gxf5 Bxf5 38. Qf4 Kg6 39. Nd4 Bd7 40. Bd3+ Kg7 41. Qg5+ Kf7 42. Bc4+ Kf8 43. Qf6+ Ke8 44. Qf7# 1-0


[Site "https://www.chess.com"]

[Event "Titled Tuesday Blitz April 18 Early 2023"]
[White "crosky"]
[Black "Toncheva, Nadya"]
[BlackFideId "2924056"]
[WhiteElo "2353"]
[BlackElo "2101"]
[Result "0-1"]
[Round "06"]
[TimeControl "180+2"]
[Date "2023.04.18"]
[WhiteClock "0:00:01"]
[BlackClock "0:00:05"]

1. c4 c6 2. Nf3 Nf6 3. Nc3 d5 4. e3 Bf5 5. cxd5 cxd5 6. Qb3 Bc8 7. d4 e6 8. Bd3 Be7 9. Ne5 O-O 10. O-O Nbd7 11. f4 a6 12. Bd2 Qb6 13. Qc2 Re8 14. Nxf7 Kxf7 15. Bxh7 Nxh7 16. Qxh7 Nf6 17. Qd3 Bd7 18. Rae1 Bb5 19. Nxb5 Qxb5 20. Qb1 Ne4 21. f5 Nxd2 22. fxe6+ Kxe6 23. Qf5+ Kd6 24. Qe5+ Kd7 25. Rf7 Nc4 26. Qxg7 Nd6 27. Qg4+ Kd8 28. Rg7 Rc8 29. h4 Rc2 30. h5 Qd3 31. h6 Qe4 32. Qg3 Kd7 33. h7 Rh8 34. Qh3+ Kd8 35. Rf1 Kc7 36. Rf4 Qd3 37. Rxe7+ Kb6 38. Re6 Ka7 39. Rxd6 Rxh7 40. Rh6 Qd1+ 41. Kh2 Rg7 42. Rhh4 Rgxg2+ 43. Qxg2 Rxg2+ 44. Kxg2 Qd2+ 45. Kg3 Qxe3+ 46. Kg4 Qe2+ 47. Kf5 Qxb2 48. Ke5 Qxa2 49. Rh6 a5 50. Rd6 a4 51. Rd7 a3 52. Rff7 Qb2 53. Rxd5 Qb4 54. Rf2 Qe1+ 0-1


[Site "https://www.chess.com"]

[Event "Titled Tuesday Blitz April 18 Early 2023"]
[White "Rodriguez Santiago, Jaime"]
[Black "Chernov, Mikhail"]
[WhiteFideId "3100898"]
[BlackFideId "24143170"]
[WhiteElo "2025"]
[BlackElo "2113"]
[Result "0-1"]
[Round "06"]
[TimeControl "180+2"]
[Date "2023.04.18"]
[WhiteClock "0:00:21"]
[BlackClock "0:00:13"]

1. c4 c5 2. Nc3 Nc6 3. g3 g6 4. Bg2 Bg7 5. e4 e5 6. Nge2 Nge7 7. O-O O-O 8. d3 d6 9. h3 a6 10. a4 Rb8 11. Rb1 Nd4 12. Nxd4 cxd4 13. Nd5 b5 14. axb5 axb5 15. b3 bxc4 16. dxc4 Nxd5 17. exd5 Qb6 18. Ba3 f5 19. b4 e4 20. c5 Qa6 21. Rb3 Qc4 22. cxd6 Qxd5 23. b5 Be6 24. Rb1 Rxb5 25. Qa4 Rxb1 26. Rxb1 d3 27. Bf1 Bd4 28. Rb5 Qc4 29. Rb4 Bxf2+ 30. Kxf2 Qc5+ 31. Kg2 e3 32. Bxd3 Qd5+ 33. Kh2 Qxd3 34. Rb2 Bd5 35. d7 Qf1 36. g4 Qh1+ 37. Kg3 Qf3+ 38. Kh4 fxg4 39. Qxg4 Qxg4+ 40. Kxg4 Be6+ 41. Kg5 Rf5+ 42. Kh6 Bxd7 43. Rb8+ Kf7 44. Rf8+ Ke6 45. Kxh7 Rxf8 46. Bxf8 Kf5 47. Bb4 e2 48. Kh6 Be8 49. h4 Kf4 50. Be1 Kf3 51. Kg5 Kg2 52. h5 gxh5 53. Kh4 Kf1 54. Bg3 e1=Q 55. Bxe1 Kxe1 56. Kg3 Ke2 57. Kh2 Kf3 58. Kh3 Kf4 59. Kh4 Kf5 60. Kh3 Kg5 61. Kh2 h4 62. Kh3 Bd7+ 63. Kh2 Kg4 64. Kh1 h3 65. Kh2 Kh4 66. Kh1 Kg3 67. Kg1 h2+ 68. Kh1 Bc6# 0-1


[Site "https://www.chess.com"]

[Event "Titled Tuesday Blitz April 18 Early 2023"]
[White "Rom, Jasper"]
[Black "Feinig, Mario"]
[WhiteFideId "2023733"]
[BlackFideId "1618113"]
[WhiteElo "2233"]
[BlackElo "2096"]
[Result "1-0"]
[Round "06"]
[TimeControl "180+2"]
[Date "2023.04.18"]
[WhiteClock "0:00:53"]
[BlackClock "0:00:01"]

1. e4 c6 2. d4 d5 3. Nd2 dxe4 4. Nxe4 Nf6 5. Nxf6+ exf6 6. c3 Bd6 7. Bd3 O-O 8. Ne2 Re8 9. Qc2 h5 10. O-O h4 11. h3 Nd7 12. Be3 Nf8 13. Rfe1 Be6 14. c4 Rc8 15. Rad1 b5 16. b3 Bb8 17. Be4 bxc4 18. bxc4 Bxc4 19. Qxc4 Rxe4 20. Qd3 Re8 21. Qf5 Qd7 22. Qf3 Ng6 23. d5 Qd6 24. dxc6 Qh2+ 25. Kf1 Qh1+ 26. Ng1 Ne5 27. Qh5 Rxc6 28. Qxh4 Rc2 29. Rd2 Rxd2 30. Bxd2 Rf8 31. Bb4 Re8 32. f4 1-0


[Site "https://www.chess.com"]

[Event "Titled Tuesday Blitz April 18 Early 2023"]
[White "Skaric, Djuro"]
[Black "Bettalli, Francesco"]
[WhiteFideId "934569"]
[BlackFideId "2816453"]
[WhiteElo "2282"]
[BlackElo "2216"]
[Result "1-0"]
[Round "06"]
[TimeControl "180+2"]
[Date "2023.04.18"]
[WhiteClock "0:00:25"]
[BlackClock "0:01:18"]

1. g3 h5 2. Bg2 h4 3. gxh4 d5 4. d4 Nc6 5. Nf3 e6 6. c4 dxc4 7. Nc3 Rxh4 8. Nxh4 Qxh4 9. Be3 Nf6 10. Bf3 Bd7 11. Qc2 Nb4 12. Qd2 Nbd5 13. Nxd5 Nxd5 14. Bxd5 exd5 15. Bf4 a5 16. Bg3 Qf6 17. a3 Qb6 18. O-O O-O-O 19. Qc3 g6 20. f3 Bg7 21. Bf2 Bh3 22. Rfc1 Qf6 23. f4 Bg4 24. b3 Bxe2 25. bxc4 dxc4 26. Qe3 Bd3 27. Rab1 Qc6 28. Qh3+ Bf5 29. Qh7 Bxd4 30. Bxd4 Rxd4 31. Qh8+ Rd8 32. Qc3 Qc5+ 33. Kg2 Be4+ 34. Kf1 Qh5 35. Rb2 Rd1+ 36. Rxd1 Qxd1+ 37. Kf2 Qh1 38. Kg3 Qg1+ 39. Kh4 Qxh2+ 40. Rxh2 1-0


[Site "https://www.chess.com"]

[Event "Titled Tuesday Blitz April 18 Early 2023"]
[White "Pesotskiy, Mikhail"]
[Black "Baches Garcia, Guillermo"]
[WhiteFideId "34164453"]
[BlackFideId "2209764"]
[WhiteElo "2131"]
[BlackElo "2469"]
[Result "1/2-1/2"]
[Round "06"]
[TimeControl "180+2"]
[Date "2023.04.18"]
[WhiteClock "0:01:56"]
[BlackClock "0:02:09"]

1. d4 Nf6 2. c4 e6 3. Nc3 d5 4. cxd5 Nxd5 5. e4 Nxc3 6. bxc3 c5 7. Rb1 Be7 8. Nf3 O-O 9. Be2 b6 10. O-O Bb7 11. Qc2 Nc6 12. Be3 cxd4 13. cxd4 Rc8 14. Qa4 Na5 15. d5 exd5 16. Rfd1 Qe8 17. Bb5 1/2-1/2


[Site "https://www.chess.com"]

[Event "Titled Tuesday Blitz April 18 Early 2023"]
[White "Balint, Vilmos"]
[Black "Kovalevsky, Stanislav"]
[WhiteFideId "718050"]
[BlackFideId "13508598"]
[WhiteElo "2034"]
[BlackElo "2174"]
[Result "1-0"]
[Round "06"]
[TimeControl "180+2"]
[Date "2023.04.18"]
[WhiteClock "0:01:20"]
[BlackClock "0:00:31"]

1. e4 e6 2. d4 d5 3. Nc3 dxe4 4. Nxe4 Nf6 5. Nxf6+ gxf6 6. Nf3 Nc6 7. Bb5 Bd7 8. Bf4 Ne7 9. Qd3 Nd5 10. Bg3 Nb4 11. Bxd7+ Qxd7 12. Qb3 Qc6 13. O-O Bd6 14. c3 Bxg3 15. fxg3 Nd5 16. Rae1 O-O-O 17. Nd2 f5 18. Nf3 Rhf8 19. Ne5 Qb6 20. Qxb6 axb6 21. g4 f6 22. Nd3 fxg4 23. Rxe6 Rde8 24. Rfe1 Kd7 25. Rxe8 Rxe8 26. Rxe8 Kxe8 27. Kf2 Kf7 28. c4 Ne7 29. Kg3 h5 30. Kh4 Kg6 31. Nf4+ Kh6 32. Nxh5 Ng6+ 33. Kxg4 f5+ 34. Kxf5 Kxh5 35. Ke6 Nf4+ 36. Kd7 Nxg2 37. Kxc7 Ne3 38. b3 b5 39. d5 bxc4 40. bxc4 Nxc4 41. d6 b5 42. d7 1-0


[Site "https://www.chess.com"]

[Event "Titled Tuesday Blitz April 18 Early 2023"]
[White "ibove"]
[Black "Omariev, Maksim"]
[BlackFideId "4193423"]
[WhiteElo "2328"]
[BlackElo "2462"]
[Result "0-1"]
[Round "06"]
[TimeControl "180+2"]
[Date "2023.04.18"]
[WhiteClock "0:00:42"]
[BlackClock "0:00:08"]

1. d4 h5 2. Nf3 h4 3. h3 e6 4. Bg5 Be7 5. Qd2 d5 6. c4 b6 7. Nc3 Bb7 8. Bxe7 Nxe7 9. e3 Nd7 10. Rc1 c5 11. Nb5 Nf6 12. cxd5 Nexd5 13. dxc5 bxc5 14. Nc3 O-O 15. Bd3 Nb4 16. Bb1 Qxd2+ 17. Kxd2 Rfd8+ 18. Ke1 Nd3+ 19. Bxd3 Rxd3 20. a4 Rb8 21. Ke2 Ba6 22. Nb5 Rb3 23. Rxc5 Rxb2+ 24. Kd3 Rxf2 25. Nxh4 Ra2 26. Rhc1 Rxa4 27. Nf3 Rxb5 28. Rc6 Rb6+ 29. Kd2 Rxc6 30. Rxc6 Ne4+ 31. Kc2 g6 32. Nd4 Ra2+ 33. Kb3 Ra5 34. Kb4 Ra1 35. Nb3 Ra2 36. Nd4 Bf1 37. Rc8+ Kg7 38. Nc6 a5+ 39. Nxa5 Bxg2 40. Nc4 Nf6 41. Rc7 Nd5+ 42. Kc5 Nxc7 43. Nd6 Nd5 44. Nc4 Bxh3 45. Ne5 Rc2+ 46. Kd4 Rg2 47. Nd3 Rd2 48. Kc4 Rxd3 49. Kxd3 g5 50. Ke4 Kg6 0-1


[Site "https://www.chess.com"]

[Event "Titled Tuesday Blitz April 18 Early 2023"]
[White "Kubatko, Ivan"]
[Black "chessjazda"]
[WhiteFideId "24111473"]
[WhiteElo "2285"]
[BlackElo "2325"]
[Result "0-1"]
[Round "06"]
[TimeControl "180+2"]
[Date "2023.04.18"]
[WhiteClock "0:00:04"]
[BlackClock "0:00:45"]

1. e4 e6 2. d4 d5 3. exd5 exd5 4. Nf3 Bd6 5. c4 dxc4 6. Bxc4 Ne7 7. O-O O-O 8. Nc3 Bg4 9. h3 Bh5 10. g4 Bg6 11. Ne5 Bxe5 12. dxe5 Nbc6 13. f4 Qxd1 14. Rxd1 Rad8 15. f5 Rxd1+ 16. Nxd1 Nxf5 17. gxf5 Bxf5 18. Bf4 Bxh3 19. Nf2 Be6 20. Rc1 Rd8 21. Bxe6 fxe6 22. Rc4 Rd4 23. Rxd4 Nxd4 24. Be3 Nc6 25. Nd3 b6 26. Kg2 Kf7 27. Kf3 h6 28. Ke4 g5 29. b4 Ne7 30. Nb2 Nd5 31. Bd2 Kg6 32. Nc4 Kh5 33. a4 Kg4 34. a5 h5 35. a6 h4 36. Ne3+ Nxe3 37. Bxe3 Kg3 0-1


[Site "https://www.chess.com"]

[Event "Titled Tuesday Blitz April 18 Early 2023"]
[White "Estrada Nieto, Julian"]
[Black "Mikhaylova, Irina"]
[WhiteFideId "5101018"]
[BlackFideId "4109040"]
[WhiteElo "2161"]
[BlackElo "1975"]
[Result "0-1"]
[Round "06"]
[TimeControl "180+2"]
[Date "2023.04.18"]
[WhiteClock "0:00:01"]
[BlackClock "0:00:17"]

1. e4 c5 2. Nf3 Nc6 3. Bb5 e6 4. O-O Nge7 5. Re1 Ng6 6. c3 Be7 7. d4 cxd4 8. cxd4 d5 9. e5 O-O 10. Nc3 Bd7 11. Bd3 Rc8 12. g3 Re8 13. h4 Nf8 14. a3 Na5 15. Ng5 h6 16. Nh3 Qb6 17. Qg4 Kh8 18. Nf4 f5 19. exf6 Bxf6 20. Ng6+ Kg8 21. Ne5 Bxe5 22. Rxe5 Nc6 23. Bxh6 Re7 24. Rg5 Qxd4 25. Qxd4 Nxd4 26. Rg4 Nf3+ 27. Kg2 Ne5 28. Bg5 Nxg4 29. Bxe7 Ne5 30. Be2 Nc6 31. Bd6 Rd8 32. Bc7 Rc8 33. Bd6 Rd8 34. Rd1 Be8 35. Bc7 Rc8 36. Bf4 e5 37. Bg5 d4 38. Ne4 Ne6 39. Bc4 Bf7 40. Nd6 Re8 41. Nxe8 Nxg5 42. Bxf7+ Nxf7 43. Nc7 e4 44. Nd5 Nfe5 45. Nf4 Nf3 46. Ne2 d3 47. Nf4 Nfd4 48. Nd5 Nf5 49. Ne3 Nd6 50. Nd5 Nd4 51. Ne3 Nc2 52. Nxc2 e3 53. Rc1 e2 54. Ne3 d2 0-1


[Site "https://www.chess.com"]

[Event "Titled Tuesday Blitz April 18 Early 2023"]
[White "Ardila, Oscar Humberto"]
[Black "Golubev, Mikhail"]
[WhiteFideId "4404742"]
[BlackFideId "14100983"]
[WhiteElo "1918"]
[BlackElo "2374"]
[Result "0-1"]
[Round "06"]
[TimeControl "180+2"]
[Date "2023.04.18"]
[WhiteClock "0:00:10"]
[BlackClock "0:00:19"]

1. d4 Nf6 2. c4 g6 3. Nc3 Bg7 4. Nf3 O-O 5. e3 d6 6. Be2 Nbd7 7. O-O e5 8. dxe5 dxe5 9. Qc2 Re8 10. Rd1 h6 11. e4 c6 12. Be3 Qe7 13. h3 Nh5 14. Qd2 Nf4 15. Bf1 Kh7 16. Bxf4 exf4 17. Qxf4 Ne5 18. Nxe5 Bxe5 19. Qf3 Be6 20. Rac1 Rad8 21. b3 Kg7 22. Rxd8 Rxd8 23. Rd1 Rxd1 24. Nxd1 Qa3 25. Qe2 Qc1 26. g3 Bd4 27. Kg2 c5 28. Qd3 Bd7 29. Be2 Bc6 30. Bf3 a6 31. Ne3 Bxe3 32. Qxe3 Qxe3 33. fxe3 Kf6 34. e5+ Kxe5 35. Bxc6 bxc6 36. Kf3 f5 37. g4 fxg4+ 38. hxg4 a5 39. e4 h5 40. gxh5 gxh5 41. Ke3 h4 42. Kf3 h3 43. Kg3 Kxe4 44. Kxh3 Kd3 45. Kg3 Kc3 46. Kf4 Kb2 47. Ke5 Kxa2 48. Kd6 Kxb3 49. Kxc5 a4 50. Kxc6 Kxc4 0-1


[Site "https://www.chess.com"]

[Event "Titled Tuesday Blitz April 18 Early 2023"]
[White "Bas Mas, Jose Joaquin"]
[Black "Novikova, Galina"]
[WhiteFideId "22219064"]
[BlackFideId "4157095"]
[WhiteElo "2233"]
[BlackElo "1953"]
[Result "0-1"]
[Round "06"]
[TimeControl "180+2"]
[Date "2023.04.18"]
[WhiteClock "0:00:18"]
[BlackClock "0:00:19"]

1. e4 e6 2. d4 d5 3. e5 c5 4. c3 Nc6 5. Nf3 Bd7 6. Bd3 f6 7. O-O Qc7 8. Bf4 O-O-O 9. Bg3 f5 10. dxc5 h6 11. Nd4 g5 12. f4 Bxc5 13. Kh1 Nxd4 14. cxd4 Bxd4 15. Nc3 Kb8 16. Rc1 Qb6 17. Na4 Bxa4 18. Qxa4 Be3 19. Rc3 gxf4 20. Bxf4 Bxf4 21. Rxf4 Ne7 22. Rb4 Qf2 23. Rf4 Qe1+ 24. Rf1 Qxe5 25. Rb3 Qd6 26. Ba6 b6 27. Re1 e5 28. Bb5 d4 29. Qa6 e4 30. a4 Qd5 31. Bc4 Qb7 32. Qb5 d3 33. a5 d2 34. Rd1 Nc8 35. Qe5+ Ka8 36. Qxf5 Rhe8 37. a6 Qd7 38. Qxd7 Rxd7 39. Bb5 e3 40. Bxd7 e2 41. Bc6+ Kb8 42. Rg1 e1=Q 43. Bxe8 Qxg1+ 44. Kxg1 d1=Q+ 45. Kf2 Qxb3 46. Bc6 Qxb2+ 0-1


[Site "https://www.chess.com"]

[Event "Titled Tuesday Blitz April 18 Early 2023"]
[White "Seder, Mohammed"]
[Black "Dixit, Nikhil"]
[WhiteFideId "11505567"]
[BlackFideId "5059534"]
[WhiteElo "1862"]
[BlackElo "2207"]
[Result "1-0"]
[Round "06"]
[TimeControl "180+2"]
[Date "2023.04.18"]
[WhiteClock "0:00:28"]
[BlackClock "0:00:07"]

1. e4 c5 2. Nf3 Nc6 3. Bb5 d6 4. Bxc6+ bxc6 5. O-O e5 6. c3 g5 7. d4 g4 8. Ne1 cxd4 9. cxd4 Ba6 10. Nd3 exd4 11. Re1 Bg7 12. Qxg4 Nf6 13. Qxg7 Rg8 14. Qh6 Bxd3 15. e5 dxe5 16. Rxe5+ Kd7 17. Bg5 Bg6 18. Qh4 Re8 19. Rxe8 Qxe8 20. Qxd4+ Nd5 21. Nc3 Qe6 22. Rd1 Re8 23. Qxa7+ Kc8 24. Qa8+ Kc7 25. Nxd5+ Qxd5 26. Bf4+ Kb6 27. Qa4 Qe4 28. Qb3+ Ka7 29. Be3+ Ka8 30. Qa3+ Kb7 31. Qa7+ Kc8 32. h3 Qc2 33. Rd7 Qb1+ 1-0


[Site "https://www.chess.com"]

[Event "Titled Tuesday Blitz April 18 Early 2023"]
[White "Sargissyan, Sargis"]
[Black "Makhmudov, Shukhrat"]
[WhiteFideId "13303210"]
[BlackFideId "14200775"]
[WhiteElo "2109"]
[BlackElo "2135"]
[Result "1-0"]
[Round "06"]
[TimeControl "180+2"]
[Date "2023.04.18"]
[WhiteClock "0:00:38"]
[BlackClock "0:02:03"]

1. e4 e5 2. Nf3 Nc6 3. Bb5 a6 4. Ba4 Nf6 5. d3 b5 6. Bb3 Be7 7. Nc3 O-O 8. a4 b4 9. Nd5 d6 10. Nxe7+ Qxe7 11. Bg5 Bg4 12. Bd5 Bxf3 13. gxf3 Qd7 14. Bxf6 gxf6 15. Qd2 Nd4 16. Rg1+ Kh8 17. Qh6 Nxf3+ 18. Ke2 1-0


[Site "https://www.chess.com"]

[Event "Titled Tuesday Blitz April 18 Early 2023"]
[White "Gonzalez, Francisco Silva"]
[Black "Prudnykova, Olga"]
[WhiteFideId "1512285"]
[BlackFideId "14121093"]
[WhiteElo "2074"]
[BlackElo "2113"]
[Result "0-1"]
[Round "06"]
[TimeControl "180+2"]
[Date "2023.04.18"]
[WhiteClock "0:01:31"]
[BlackClock "0:00:11"]

1. d4 Nf6 2. c4 g6 3. Nc3 d5 4. Bf4 Bg7 5. Nf3 O-O 6. e3 c5 7. dxc5 Qa5 8. Rc1 dxc4 9. Bxc4 Qxc5 10. Bb3 Nc6 11. O-O Qa5 12. h3 Bf5 13. Qe2 Ne4 14. Nd5 Rac8 15. Rxc6 bxc6 16. Nxe7+ Kh8 17. Nxc8 Bxc8 18. Bxf7 Rxf7 19. Qc4 Qd5 20. Qa4 Nc5 21. Qa3 h6 22. Bg3 Ne4 23. Bf4 Kh7 24. Rc1 Nf6 25. Be5 Bxh3 26. Rc5 Qd1+ 27. Kh2 Bg4 28. Rxc6 Bxf3 29. gxf3 Qxf3 30. Rxf6 Bxf6 31. Bg3 Bg7 32. Qb3 Rb7 33. Qe6 Rxb2 34. a4 h5 35. Qe7 Rb7 36. Qe6 Rf7 37. a5 Qf5 38. Qe8 g5 39. e4 Qf6 40. e5 Qe7 41. Qc8 h4 42. Qc2+ Kh8 43. Qc8+ Rf8 44. Qh3 Kg8 45. e6 hxg3+ 46. fxg3 Rf2+ 47. Kg1 Bd4 48. Kh1 Qb7+ 49. Qg2 Qxg2# 0-1


[Site "https://www.chess.com"]

[Event "Titled Tuesday Blitz April 18 Early 2023"]
[White "Prieto Aranguren, Alain"]
[Black "Kopczynski, Michal"]
[WhiteFideId "2268906"]
[BlackFideId "1124200"]
[WhiteElo "2209"]
[BlackElo "2212"]
[Result "1-0"]
[Round "06"]
[TimeControl "180+2"]
[Date "2023.04.18"]
[WhiteClock "0:00:40"]
[BlackClock "0:00:05"]

1. d4 Nf6 2. c4 g6 3. Nc3 Bg7 4. e4 d6 5. f3 O-O 6. Bg5 c5 7. d5 e6 8. Qd2 exd5 9. cxd5 Na6 10. Nge2 Nc7 11. a4 a6 12. Ng3 Rb8 13. Be2 b5 14. axb5 axb5 15. h4 b4 16. Nd1 h5 17. Ne3 Bd7 18. O-O Bb5 19. Nef5 Bxe2 20. Nxg7 Bxf1 21. N7xh5 gxh5 22. Nxh5 Nxh5 23. Bxd8 Rfxd8 24. Qg5+ Ng7 25. Rxf1 Re8 26. h5 Re5 27. Qh6 Nb5 28. g4 c4 29. Qf6 c3 30. f4 Rxe4 31. h6 Ne8 32. Qg5+ Kh8 33. Qf5 Re7 34. Qg5 Rbb7 35. h7 Kxh7 36. Rf2 Re1+ 37. Kg2 cxb2 38. Kf3 1-0


[Site "https://www.chess.com"]

[Event "Titled Tuesday Blitz April 18 Early 2023"]
[White "Topalov, Aleksandar"]
[Black "Blokhin, Sofia"]
[WhiteFideId "925659"]
[BlackFideId "4508190"]
[WhiteElo "2151"]
[BlackElo "1994"]
[Result "0-1"]
[Round "06"]
[TimeControl "180+2"]
[Date "2023.04.18"]
[WhiteClock "0:00:45"]
[BlackClock "0:00:12"]

1. b3 d5 2. Bb2 Nf6 3. Nf3 e6 4. e3 Be7 5. d4 O-O 6. Nbd2 b6 7. Bd3 Bb7 8. O-O Ne4 9. Ne5 f5 10. f4 Nd7 11. Ndf3 Nxe5 12. Nxe5 c5 13. dxc5 Bxc5 14. Qe2 Qe7 15. Kh1 Rac8 16. Bd4 Bxd4 17. exd4 Qh4 18. Rf3 Rf6 19. g3 Qh3 20. Qg2 Qh5 21. Rg1 Rc7 22. g4 fxg4 23. Nxg4 Rg6 24. Rh3 Qxg4 25. Bxe4 dxe4 26. Qxg4 e3+ 27. Qf3 e2 28. Re1 Bxf3+ 29. Rxf3 Rxc2 30. a4 Rf6 31. Kg2 Rf5 32. Kf2 Rd5 33. Rxe2 Rxe2+ 34. Kxe2 Rxd4 35. Ke3 Rd7 36. Rf2 Kf7 37. Rc2 Kf6 38. Rc8 Kf5 39. Rf8+ Kg4 40. Re8 Kf5 41. Rf8+ Kg4 42. Ke4 Kh3 43. Rh8 h6 44. Ke5 Kxh2 45. Kxe6 Rc7 46. f5 Kg3 47. f6 Rc6+ 48. Kf5 Rxf6+ 49. Ke5 Kg4 50. Ra8 Rf7 51. Ke6 Rb7 52. Kd6 h5 53. Kc6 Rf7 0-1


[Site "https://www.chess.com"]

[Event "Titled Tuesday Blitz April 18 Early 2023"]
[White "Jimenez Jimenez, Leandro"]
[Black "Nugumanov, Bakhtiyar"]
[WhiteFideId "6415253"]
[BlackFideId "13701797"]
[WhiteElo "2263"]
[BlackElo "2209"]
[Result "1-0"]
[Round "06"]
[TimeControl "180+2"]
[Date "2023.04.18"]
[WhiteClock "0:00:52"]
[BlackClock "0:00:39"]

1. d4 e6 2. c4 c5 3. Nf3 cxd4 4. Nxd4 Nf6 5. g3 d5 6. Bg2 e5 7. Nf3 d4 8. O-O Nc6 9. e3 Be7 10. exd4 exd4 11. Nbd2 O-O 12. Nb3 d3 13. Be3 Ng4 14. Bc5 Re8 15. h3 Nge5 16. Rc1 Nxf3+ 17. Qxf3 Ne5 18. Qh5 Bf6 19. Bd4 g6 20. Qd1 Nf3+ 21. Qxf3 Bxd4 22. Rcd1 Bf5 23. Qxb7 Rb8 24. Qd5 h5 25. Nxd4 1-0


[Site "https://www.chess.com"]

[Event "Titled Tuesday Blitz April 18 Early 2023"]
[White "Andrews, Todd"]
[Black "babbilator"]
[WhiteFideId "2012456"]
[WhiteElo "2426"]
[BlackElo "2272"]
[Result "1-0"]
[Round "06"]
[TimeControl "180+2"]
[Date "2023.04.18"]
[WhiteClock "0:00:58"]
[BlackClock "0:00:03"]

1. e4 c5 2. Nf3 e6 3. d3 d5 4. Nbd2 Nf6 5. g3 Nc6 6. Bg2 Be7 7. O-O b5 8. Re1 b4 9. e5 Nd7 10. Nf1 a5 11. h4 h6 12. Bf4 Ba6 13. Qd2 a4 14. h5 Nb6 15. N1h2 c4 16. d4 Qc7 17. c3 a3 18. Rec1 axb2 19. Qxb2 Na4 20. Qc2 Nxc3 21. a3 Nb5 22. axb4 Nxb4 23. Qa4 O-O 24. Bf1 Rfb8 25. Ng4 Qc6 26. Qd1 Bc8 27. Rxa8 Rxa8 28. Bxh6 gxh6 29. Qd2 Kf8 30. Qxh6+ Ke8 31. Qg7 Kd7 32. h6 1-0


[Site "https://www.chess.com"]

[Event "Titled Tuesday Blitz April 18 Early 2023"]
[White "Kalajzic, Ivan"]
[Black "Pein, Jonathan"]
[WhiteFideId "14506378"]
[BlackFideId "417092"]
[WhiteElo "2203"]
[BlackElo "2151"]
[Result "1-0"]
[Round "06"]
[TimeControl "180+2"]
[Date "2023.04.18"]
[WhiteClock "0:00:29"]
[BlackClock "0:00:20"]

1. d4 Nf6 2. Nc3 d6 3. Bg5 c6 4. e4 Qa5 5. Qd2 Nbd7 6. f4 e5 7. Nf3 exf4 8. Bxf4 Be7 9. Bd3 b5 10. O-O Bb7 11. Rae1 O-O 12. Nd5 Qd8 13. Nxe7+ Qxe7 14. e5 dxe5 15. dxe5 Nd5 16. Bg3 Rae8 17. b3 Nc5 18. c4 Nxd3 19. Qxd3 bxc4 20. bxc4 Ba6 21. Qd4 Nb4 22. Rc1 c5 23. Qd6 Nxa2 24. Qxa6 Nxc1 25. Rxc1 Rd8 26. h4 Rd3 27. Re1 Rfd8 28. e6 Rd1 29. exf7+ Kxf7 30. Rxd1 Rxd1+ 31. Kh2 h6 32. Ne5+ Kg8 33. Qg6 Rd6 34. Qg4 Rd4 35. Qc8+ Kh7 36. Qf5+ Kg8 37. Nc6 Rxh4+ 38. Bxh4 Qxh4+ 39. Kg1 Qe1+ 40. Qf1 Qe3+ 41. Kh1 Qe6 42. Qf3 a5 43. Qd5 Qxd5 44. cxd5 Kf8 45. d6 Ke8 46. Nxa5 Kd7 47. Nc4 g6 48. Kh2 Ke6 49. Kg3 Kd7 50. Kf4 Ke6 51. Ke4 Kd7 52. Ke5 h5 53. Nb6+ Kc6 54. d7 Kc7 55. Ke6 Kd8 56. Nc4 g5 57. Ne5 c4 58. Nf7+ Kc7 59. d8=Q+ Kc6 60. Qc8+ Kb5 61. Kd5 c3 62. Qb7+ Ka4 63. Kc4 Ka3 64. Qb3# 1-0


[Site "https://www.chess.com"]